 Dungeon Crawl Stone Soup version 0.26.0-7-g794d0892b4 (webtiles) character file.

Game seed: 14803766172707304864

114 Demosthentine the Shield-Bearer (level 5, -3/42 HPs)
             Began as a Formicid Fighter on Jan 11, 2021.
             Slain by Crazy Yiuf
             ... wielding a +4 quarterstaff of chaos
              (5 damage)
             ... on level 3 of the Dungeon.
             The game lasted 00:02:20 (2429 turns).

Demosthentine the Shield-Bearer (Formicid Fighter)  Turns: 2429, Time: 00:02:21

Health: -3/42      AC:  9    Str: 22    XL:     5   Next: 18%
Magic:  5/5        EV:  8    Int:  7    God:
Gold:   93         SH:  9    Dex: 10    Spells: 4/4 levels left

rFire    . . .     SeeInvis +   a - +1 war axe
rCold    . . .     Faith    .   c - +0 kite shield
rNeg     . . .     Spirit   .   b - +0 scale mail
rPois    .         Reflect  .   (helmet unavailable)
rElec    .         Harm     .   (no cloak)
rCorr    .         Rampage  .   l - +1 pair of gloves
Will     .....                  (no boots)
Stlth    ..........             h - amulet of magic regeneration
HPRegen  0.14/turn              (no ring)
MPRegen  0.34/turn              (no ring)

@: lethally poisoned (-3 -> -6)
A: permanent stasis, dig shafts and tunnels, four strong arms, antennae 3
a: Dig, Shaft Self


You were on level 3 of the Dungeon.
You visited 1 branch of the dungeon, and saw 3 of its levels.

You collected 93 gold pieces.

Inventory:

Hand Weapons
 a - a +1 war axe (weapon)
Armour
 b - a +0 scale mail (worn)
 c - a +0 kite shield (worn)
 l - a +1 pair of gloves (worn)
Jewellery
 h - an amulet of magic regeneration (around neck)
Scrolls
 g - 4 scrolls of identify
 j - 2 scrolls of remove curse
 k - a scroll of enchant weapon
Potions
 d - 2 potions of might
 e - a potion of lignification
 f - a potion of curing
 i - a potion of brilliance
 m - a potion of heal wounds


   Skills:
 + Level 4.0 Fighting
 + Level 2.8 Axes
 + Level 4.0 Armour
 + Level 1.4 Dodging
 + Level 4.3 Shields


You had 4 spell levels left.
You didn't know any spells.
Your spell library was empty.

Dungeon Overview and Level Annotations

Branches:
Dungeon (3/15)

Altars:
Xom

Annotations:
D:3 Crazy Yiuf


Innate Abilities, Weirdness & Mutations

You cannot be hasted, slowed, berserked, paralysed or teleported.
You can dig through walls and to a lower floor.
Your four strong arms can wield two-handed weapons with a shield.
You have a pair of large antennae on your head. (SInv)


Message History

Crazy Yiuf freezes you.
You closely miss Crazy Yiuf.
Crazy Yiuf is heavily wounded.
You block Crazy Yiuf's attack.
You closely miss Crazy Yiuf.
Crazy Yiuf is heavily wounded.
Crazy Yiuf hits you but does no damage.
You are poisoned.
You block Crazy Yiuf's attack.
You closely miss Crazy Yiuf.
Crazy Yiuf is heavily wounded.
You feel sick.
Crazy Yiuf drinks a potion.
Crazy Yiuf is healed!
You closely miss Crazy Yiuf.
Crazy Yiuf is lightly wounded.
You feel sick.
Crazy Yiuf yells, "Citrus mobile sow!"
Crazy Yiuf hits you with a +4 quarterstaff of chaos!
* * * LOW HITPOINT WARNING * * *
Crazy Yiuf burns you.
You die...

##### #..)# ######
#...# #....######
####### ...
#.........##
######...<.# #g#
#.........#.
.....#.....# ##@#
#.###.....#.
.....#.....# #.##
#.##........
.....'.....# ##.#
#.##....##..
.....#.....# #.##
#.##....##..
.....#.....# ##.##
####....##..
.....#.....# #.P.##
#.##.....#..
##.....###.# #P.P.#
#........#..
##.....###.# #....#
#........#(.
...........#
##..#####........###


You could see Crazy Yiuf.

Vanquished Creatures
  3 adders (D:2)
  2 oozes
  2 worms (D:2)
  2 dart slugs
  7 orcs (D:3)
  2 ball pythons
  3 giant cockroaches
  8 goblins
  3 hobgoblins
  3 jackals (D:2)
  A quokka (D:2)
  8 bats
  3 frilled lizards (D:1)
  10 kobolds
  6 rats
63 creatures vanquished.

Vanquished Creatures (others)
  2 fungi (D:3)
2 creatures vanquished.

Grand Total: 65 creatures vanquished

Notes
Turn   | Place    | Note
-------+----------+-------------------------------------------
     0 | D:1      | Demosthentine the Formicid Fighter began the quest for the
                  | Orb.
     0 | D:1      | Reached XP level 1. HP: 18/18 MP: 1/1
   207 | D:1      | Reached XP level 2. HP: 24/24 MP: 2/2
   426 | D:1      | Reached XP level 3. HP: 29/29 MP: 3/3
  1064 | D:2      | Found a shimmering altar of Xom.
  1116 | D:2      | Reached skill level 1 in Dodging
  1120 | D:2      | Reached XP level 4. HP: 27/37 MP: 4/4
  1859 | D:3      | Reached XP level 5. HP: 33/42 MP: 5/5
  2410 | D:3      | Found a runed translucent door.
  2411 | D:3      | Noticed Crazy Yiuf
  2429 | D:3      | HP: 2/42 [Crazy Yiuf/+4 quarterstaff of chaos (16)]
  2429 | D:3      | Slain by Crazy Yiuf

Illustrated notes

Levels and vault maps discovered:
D:1:      dpeg_arrival_rooms_c, layout_loops_corners, st_stairs_7
D:2:      layout_basic, lemuel_altar_in_water
D:3:      layout_basic, uniq_crazy_yiuf_cottage

Skill      XL: |  1  2  3  4  5 |
---------------+----------------+-----
Shields        | 4 |  4.3
Dodging        | 1 |  1.4
Armour         | 4 |  4.0
Fighting       | 4 |  4.0
Axes           | |  2.8

Action                   |  1- 3 |  4- 6 || total
-------------------------+-------+-------++-------
Melee: War axe           |    78 |   101 ||   179
  Use: Scroll            |     3 |     8 ||    11
Armor: Scale mail        |    33 |    38 ||    71
Dodge: Dodged            |    19 |    20 ||    39
Block: Kite shield       |    49 |    56 ||   105
